 Dungeon Crawl Stone Soup version 0.29.0-11-gd7f09526c8 (webtiles) character file.

Game seed: 10059785227445493

203 wakxed the Chiller (level 6, -2/33 (41) HPs)
             Began as a Human Ice Elementalist on Sept 3, 2022.
             Slain by a necrophage (6 damage)
             ... on level 4 of the Dungeon.
             The game lasted 00:13:34 (4122 turns).

wakxed the Chiller (Human Ice Elementalist)         Turns: 4122, Time: 00:13:35

HP:   -2/33 (41)    AC:  8    Str:  9    XL:     6   Next: 8%
MP:   11/11         EV: 12    Int: 17    God:
Gold: 129           SH:  0    Dex: 13    Spells: 4/11 levels left

rFire   . . .      SeeInvis .   c - +1 short sword
rCold   . . .      Faith    .   (no shield)
rNeg    . . .      Spirit   .   a - +0 robe
rPois   .          Reflect  .   (no helmet)
rElec   .          Harm     .   h - scarf {repulsion}
rCorr   .          Rampage  .   (no gloves)
Will    .....                   (no boots)
Stlth   ++........              d - amulet of magic regeneration
HPRegen 0.11/turn               (no ring)
MPRegen 0.52/turn               (no ring)

@: ice-armoured, heavily drained, repel missiles
A: no striking features
a: no special abilities


You were on level 4 of the Dungeon.
You visited 1 branch of the dungeon, and saw 4 of its levels.

You collected 129 gold pieces.

Inventory:

Hand Weapons
 c - a +1 short sword (weapon)
Missiles
 e - 2 throwing nets
Armour
 a - a +0 robe (worn)
 h - a scarf of repulsion (worn)
Jewellery
 d - an amulet of magic regeneration (around neck)
Scrolls
 f - 3 scrolls of noise
 p - a scroll of fog
Potions
 b - 2 potions of magic
 g - a potion of invisibility {unknown}
 i - a potion of curing {unknown}
 j - 3 potions of heal wounds
 l - 3 potions of attraction


   Skills:
 + Level 2.8 Dodging
 + Level 2.9 Stealth
 * Level 3.3 Spellcasting
 + Level 1.8 Conjurations
 * Level 4.9 Ice Magic


You had 4 spell levels left.
You knew the following spells:

 Your Spells              Type           Power      Damage    Failure   Level
a - Freeze                Ice            76%        1d9       2%          1
b - Frozen Ramparts       Ice            38%        1d6       7%          3
c - Ozocubu's Armour      Ice            19%        N/A       7%          3

Your spell library contained the following spells:

 Spells                   Type           Power      Damage    Failure   Level
 Hailstorm                Conj/Ice       14%        3d5       38%         4


Dungeon Overview and Level Annotations

Branches:
Dungeon (4/15)
 Temple: D:4-7

Altars:

Shops:
D:1 (([*(


Message History

The necrophage is almost destroyed.
The necrophage closely misses you. The necrophage hits you.
You hit the necrophage.
The necrophage is almost destroyed.
The necrophage barely misses you.
You closely miss the necrophage.
The necrophage is almost destroyed.
The necrophage barely misses you.
You closely miss the necrophage.
The necrophage is almost destroyed.
The necrophage hits you.
* * * LOW HITPOINT WARNING * * *
You barely miss the necrophage.
The necrophage is almost destroyed.
The necrophage barely misses you.
You hit the necrophage but do no damage.
The necrophage is almost destroyed.
The necrophage hits you.
* * * LOW HITPOINT WARNING * * *
You hit the necrophage.
The necrophage is almost destroyed.
The necrophage hits you.
* * * LOW HITPOINT WARNING * * *
You feel drained.
You hit the necrophage.
The necrophage is almost destroyed.
The necrophage barely misses you.
You barely miss the necrophage.
The necrophage is almost destroyed.
The necrophage closely misses you.
You hit the necrophage.
The necrophage is almost destroyed.
The necrophage barely misses you.
You hit the necrophage but do no damage.
The necrophage is almost destroyed.
The necrophage barely misses you. The necrophage closely misses you.
You hit the necrophage but do no damage.
The necrophage is almost destroyed.
The necrophage hits you.
You die...

....................
................[...
...####............. ..
#..............
#..............
##.............. #.
###...............
#...##...#.............
#...n@####............
......### ####........
..... ######### ....
... .. . ## ##.


You could see a necrophage.

Vanquished Creatures
  An orc priest (D:3)
  A hound (D:4)
  An iguana (D:4)
  2 adders
  An ufetubus (D:3)
  2 worms (D:2)
  3 dart slugs
  8 orcs (D:3)
  7 ball pythons
  6 endoplasms
  3 giant cockroaches
  6 goblins
  12 hobgoblins
  11 kobolds
  7 bats
  2 frilled lizards
  3 rats
76 creatures vanquished.

Notes
Turn   | Place    | Note
-------+----------+-------------------------------------------
     0 | D:1      | wakxed the Human Ice Elementalist began the quest for the
                  | Orb.
     0 | D:1      | Reached XP level 1. HP: 13/13 MP: 3/3
    17 | D:1      | Found Ucuriam's Antique Weapon Emporium.
    25 | D:1      | Found Maununis's Antique Weapon Shop.
   215 | D:1      | Found Vimu's Assorted Antiques.
   227 | D:1      | Reached XP level 2. HP: 14/19 MP: 1/5
   436 | D:1      | Found Meut's Antique Armour Shoppe.
   662 | D:1      | Found Fieth's Weapon Shoppe.
   792 | D:1      | Reached XP level 3. HP: 22/24 MP: 4/6
   851 | D:1      | Found a faded altar of an unknown god.
  1080 | D:2      | Learned a level 3 spell: Frozen Ramparts
  1350 | D:2      | Reached skill level 1 in Conjurations
  1350 | D:2      | Reached XP level 4. HP: 30/30 MP: 5/8
  2378 | D:3      | Reached XP level 5. HP: 15/35 MP: 6/9
  2562 | D:3      | Learned a level 3 spell: Ozocubu's Armour
  2786 | D:3      | Noticed a phantom
  2812 | D:3      | HP: 1/35 [phantom (1)]
  3906 | D:4      | Reached XP level 6. HP: 36/41 MP: 8/10
  4122 | D:4      | Slain by a necrophage

Illustrated notes

Levels and vault maps discovered:
D:1:      eino_arrival_water_star, layout_loops_ring, basic_ecumenical_altar,
          serial_shops, shop, shop, nicolae_shop_overgrown_old_shop,
          nicolae_shop_behind_doors, nicolae_shop_hallway_plus,
          nicolae_concentric_dashed_squares_mild
D:2:      layout_loops_ring, st_stairs_5, minmay_misc_feat_cross
D:3:      layout_basic
D:4:      layout_cave_pods, portal_sewer_entry_e, corexii_hall_statues_i,
          uniq_natasha, uniq_eustachio

Skill      XL: |  1  2  3  4 |
---------------+-------------+-----
Conjurations   | 1 |  1.8
Spellcasting   | 3 |  3.3
Dodging        | |  2.8
Stealth        | |  2.9
Ice Magic      | |  4.9

Action                   |  1- 3 |  4- 6 || total
-------------------------+-------+-------++-------
Melee: Short sword       |     4 |    81 ||    85
       Punch             |       |     1 ||     1
 Cast: Freeze            |    36 |    17 ||    53
       Frozen Ramparts   |     1 |    26 ||    27
       Ozocubu's Armour  |       |     6 ||     6
  Use: Scroll            |       |    10 ||    10
       Potion            |       |     4 ||     4
 Stab: Sleeping          |     4 |     6 ||    10
Armor: Robe              |     5 |    16 ||    21
Dodge: Dodged            |    14 |    46 ||    60
       Repelled          |       |     1 ||     1
